 Dungeon Crawl Stone Soup version 0.29.0-4-gdea44cf6ec (webtiles) character file.

Game seed: 11944318706776771730

4454 qw the Grappler (level 10, -8/96 HPs)
             Began as a Troll Cinder Acolyte on Aug 31, 2022.
             Was a High Priest of Ignis.
             Mangled by Grum
             ... wielding a -2 glaive
              (12 damage)
             ... on level 8 of the Dungeon.
             The game lasted 00:04:02 (7217 turns).

qw the Grappler (Troll Cinder Acolyte)              Turns: 7217, Time: 00:04:02

Health: -8/96      AC: 11    Str: 28    XL:     10   Next: 15%
Magic:  10/10      EV: 10    Int: 10    God:    Ignis [*****.]
Gold:   504        SH:  0    Dex: 11    Spells: 11/11 levels left

rFire   + . .      SeeInvis .     - Unarmed
rCold   . . .      Faith    .   (no shield)
rNeg    . . .      Spirit   .   a - +0 robe
rPois   .          Reflect  .   (helmet restricted)
rElec   .          Harm     .   (no cloak)
rCorr   .          Rampage  .   (gloves unavailable)
Will    .....                   (boots unavailable)
Stlth   +.........              e - amulet of the acrobat
HPRegen 1.06/turn               g - +6 ring of dexterity
MPRegen 0.12/turn               (no ring)

@: fiery-armoured
A: large, unfitting armour, claws 3, regeneration 1, shaggy fur 1, tough skin 1
a: Renounce Religion, Fiery Armour, Foxfire Swarm, Rising Flame


You were on level 8 of the Dungeon.
You worshipped Ignis.
Ignis was extremely pleased with you.
You visited 1 branch of the dungeon, and saw 8 of its levels.
You also visited: Ossuary.

You collected 504 gold pieces.


Innate Abilities, Weirdness & Mutations

You are too large for most types of armour.
You have claws for hands.
Your natural rate of healing is unusually fast.
You are covered in fur. (AC +1)
You have tough skin. (AC +1)


   Skills:
 - Level 5.1 Fighting
 - Level 1.7 Throwing
 - Level 3.2 Dodging
 + Level 13.2 Unarmed Combat
 - Level 1.0 Spellcasting
 - Level 2.1 Fire Magic


You had 11 spell levels left.
You didn't know any spells.
Your spell library contained the following spells:

 Spells                   Type           Power      Damage    Failure   Level
 Scorch                   Fire           8%         2d5       22%         2

Inventory:

Armour
 a - a +0 robe (worn)
Jewellery
 e - an amulet of the acrobat (around neck)
 g - a +6 ring of dexterity (left claw)
Scrolls
 b - 5 scrolls of identify
 h - 3 scrolls of teleportation
Potions
 c - 2 potions of mutation
 d - 2 potions of haste
 i - 6 potions of curing
 j - 2 potions of might

Dungeon Overview and Level Annotations

Branches:
Dungeon (8/15)             Temple (0/1) D:7         Ossuary (visited)
   Lair: D:8-11

Altars:
Yredelemnul

Annotations:
D:8 Grum


Message History

Grum the Hunter comes into view.
He is wielding a -2 glaive.
7197 ||| INVOKING Fiery Armour.
A protective cloak of flame settles atop you.
Grum drinks a potion.
Grum flickers and vanishes!
Deactivating autopickup; reactivate with Ctrl-A.
You swing at nothing.
You swing at nothing.
Something hits you but does no damage.
You swing at nothing.
You swing at nothing.
Something completely misses you.
You swing at nothing.
Something hits you!!
You swing at nothing.
Something hits you.
You swing at nothing.
You swing at nothing.
Something hits you!
You swing at nothing.
Something hits you but does no damage.
You swing at nothing.
Something hits you.
You swing at nothing.
You swing at nothing.
Something hits you.
You swing at nothing.
Something hits you!
You swing at nothing.
Something hits you!
You swing at nothing.
You swing at nothing.
Something hits you!
You swing at nothing.
Something hits you!
You swing at nothing.
Something hits you!
You swing at nothing.
You swing at nothing.
Something hits you!
You die...

#.## #...## ##. ##.##
###...## ###..
##.###......####...#
#.....#.....##...##
##.####.........###
#.#####..#
#.........###. #.......#
#.........##..
#..###..###.............
# ##@.#.........###..
#%.#.......### ##.
#{.........# #.
...##.....## ## .### ...
# .# .. # # . #### .#.>.
#....)


There were no monsters in sight!

Vanquished Creatures
  A hydra (D:7)
  A gargoyle (D:6)
  Grinder (D:3)
  Sigmund (D:2)
  Eustachio (D:5)
  A steam dragon (D:7)
  Menkaure (D:6)
  Edmund (D:6)
  2 water moccasins
  Duvessa (D:6)
  An ice beast (D:5)
  3 sky beasts
  2 black bears
  A wolf (D:8)
  2 phantoms (D:5)
  A kobold brigand (D:4)
  Blork the orc (D:5)
  3 necrophages
  7 scorpions
  Dowan (D:6)
  A howler monkey (D:5)
  A jelly (D:6)
  6 hounds
  8 iguanas
  4 orc wizards
  2 mummies
  6 gnolls
  5 adders
  3 shadow imps
  A white imp (D:6)
  3 worms (D:2)
  2 dart slugs (D:1)
  21 orcs
  2 spectral bats (Ossuary)
  9 bats
  12 endoplasms
  2 giant cockroaches
  12 gnoll zombies (Ossuary)
  7 goblins
  8 hobgoblins
  6 jackals
  5 ball pythons
  3 bat simulacra (Ossuary)
  3 frilled lizards
  A goblin simulacrum (Ossuary)
  7 goblin zombies
  6 hobgoblin zombies (Ossuary)
  8 kobolds
  4 kobold simulacra (Ossuary)
  2 kobold zombies (Ossuary)
  5 orc zombies (Ossuary)
  5 rats
  4 rat simulacra (Ossuary)
  A spectral goblin (Ossuary)
  3 spectral kobolds (Ossuary)
  3 spectral rats (Ossuary)
214 creatures vanquished.

Notes
Turn   | Place    | Note
-------+----------+-------------------------------------------
     0 | D:1      | qw the Troll Cinder Acolyte began the quest for the Orb.
     0 | D:1      | Reached XP level 1. HP: 22/22 MP: 1/1
     0 | D:1      | 0 ||| qw: Version: 0.1-a-97-g2dd2ca4
     0 | D:1      | 0 ||| qw: Game counter: 4537
     0 | D:1      | 0 ||| qw: Always use a shield: true
     0 | D:1      | 0 ||| qw: God list: Okawaru
     0 | D:1      | 0 ||| qw: Allow faded altars: false
     0 | D:1      | 0 ||| qw: Do Orc after D:15 true
     0 | D:1      | 0 ||| qw: Do second Lair branch before Depths: true
     0 | D:1      | 0 ||| qw: Lair rune preference: random
     0 | D:1      | 0 ||| qw: Plans: Normal
     0 | D:1      | 0 ||| PLANNING D:1-11
    40 | D:1      | 40 ||| Stepping ~*~*~tactically~*~*~ (stealth).
    46 | D:1      | 46 ||| Stepping ~*~*~tactically~*~*~ (outnumbered).
    47 | D:1      | 47 ||| Stepping ~*~*~tactically~*~*~ (outnumbered).
    48 | D:1      | 48 ||| Stepping ~*~*~tactically~*~*~ (outnumbered).
   193 | D:1      | Reached XP level 2. HP: 29/29 MP: 2/2
   241 | D:1      | 241 ||| READING scroll labelled XUSCHE JUUCU.
   248 | D:1      | 248 ||| Stepping ~*~*~tactically~*~*~ (outnumbered).
   315 | D:1      | Found a faded altar of an unknown god.
   428 | D:1      | Reached skill level 4 in Unarmed Combat
   441 | D:1      | 441 ||| Stepping ~*~*~tactically~*~*~ (stealth).
   568 | D:1      | Reached XP level 3. HP: 36/36 MP: 3/3
   682 | D:1      | 682 ||| READING scroll labelled HEGUAM ZYGI.
   837 | D:1      | 837 ||| DRINKING 2 sapphire potions.
   860 | D:1      | 860 ||| DROPPING potion of lignification.
  1227 | D:2      | 1227 ||| Stepping ~*~*~tactically~*~*~ (stealth).
  1230 | D:2      | 1230 ||| Stepping ~*~*~tactically~*~*~ (stealth).
  1344 | D:2      | Reached skill level 5 in Unarmed Combat
  1344 | D:2      | Reached XP level 4. HP: 38/44 MP: 4/4
  1365 | D:2      | Noticed Sigmund
  1366 | D:2      | 1366 ||| Stepping ~*~*~tactically~*~*~ (hiding).
  1367 | D:2      | 1367 ||| Stepping ~*~*~tactically~*~*~ (hiding).
  1388 | D:2      | Killed Sigmund
  1389 | D:2      | Reached skill level 6 in Unarmed Combat
  1389 | D:2      | Reached XP level 5. HP: 35/50 MP: 5/5
  1651 | D:3      | Reached XP level 6. HP: 58/59 MP: 6/6
  1777 | D:3      | Noticed Grinder
  1786 | D:3      | Paralysed by Grinder for 2 turns
  1791 | D:3      | Killed Grinder
  1792 | D:3      | Reached skill level 7 in Unarmed Combat
  1845 | D:3      | 1845 ||| Stepping ~*~*~tactically~*~*~ (stealth).
  1988 | D:3      | 1988 ||| Stepping ~*~*~tactically~*~*~ (hiding).
  2003 | D:3      | Reached skill level 8 in Unarmed Combat
  2252 | D:3      | 2252 ||| DROPPING ring of wizardry.
  2253 | D:3      | 2253 ||| READING 2 scrolls labelled DUNIYS OCIE.
  2254 | D:3      | 2254 ||| READING scroll labelled HIGROCLUETO.
  2255 | D:3      | 2255 ||| READING scroll labelled ZEGRE ASTRENIMOMY.
  2283 | D:3      | 2283 ||| DRINKING 3 metallic amethyst potions.
  2284 | D:3      | 2284 ||| READING 4 scrolls of identify.
  2284 | D:3      | 2284 ||| IDENTIFYING grey potion
  2285 | D:3      | 2285 ||| READING 3 scrolls of identify.
  2285 | D:3      | 2285 ||| IDENTIFYING glowing white potion
  2286 | D:3      | 2286 ||| DROPPING potion of magic.
  2287 | D:3      | 2287 ||| DROPPING scroll of butterflies.
  2320 | D:4      | Reached XP level 7. HP: 66/66 MP: 7/7
  2371 | D:4      | 2371 ||| Stepping ~*~*~tactically~*~*~ (stealth).
  2395 | D:4      | 2395 ||| Stepping ~*~*~tactically~*~*~ (stealth).
  2401 | D:4      | 2401 ||| Stepping ~*~*~tactically~*~*~ (stealth).
  2410 | D:4      | 2410 ||| Stepping ~*~*~tactically~*~*~ (stealth).
  2422 | D:4      | Reached skill level 3 in Fighting
  2426 | D:4      | 2426 ||| Stepping ~*~*~tactically~*~*~ (stealth).
  2438 | D:4      | 2438 ||| Stepping ~*~*~tactically~*~*~ (hiding).
  2439 | D:4      | 2439 ||| Stepping ~*~*~tactically~*~*~ (hiding).
  2627 | D:4      | 2627 ||| Stepping ~*~*~tactically~*~*~ (hiding).
  2684 | D:4      | 2684 ||| Stepping ~*~*~tactically~*~*~ (stealth).
  2754 | D:4      | Reached skill level 9 in Unarmed Combat
  3025 | D:4      | 3025 ||| READING scroll labelled ZOINIX LAGH.
  3026 | D:4      | 3026 ||| READING scroll labelled YKKAME PAGGEFE.
  3027 | D:4      | 3027 ||| READING scroll labelled AQEEGR IHOTOAF.
  3028 | D:4      | 3028 ||| READING 4 scrolls of identify.
  3028 | D:4      | 3028 ||| IDENTIFYING bubbling puce potion
  3029 | D:4      | 3029 ||| READING 3 scrolls of identify.
  3029 | D:4      | 3029 ||| IDENTIFYING green potion
  3030 | D:4      | 3030 ||| DROPPING potion of flight.
  3053 | D:5      | Entered Level 5 of the Dungeon
  3058 | D:5      | Reached skill level 1 in Dodging
  3075 | D:5      | Reached XP level 8. HP: 75/75 MP: 8/8
  3128 | D:5      | Noticed Blork the orc
  3131 | D:5      | Killed Blork the orc
  3339 | D:5      | 3339 ||| Stepping ~*~*~tactically~*~*~ (hiding).
  3346 | D:5      | Reached skill level 10 in Unarmed Combat
  3440 | D:5      | Reached skill level 1 in Throwing
  3659 | D:5      | Noticed Eustachio
  3666 | D:5      | 3666 ||| Stepping ~*~*~tactically~*~*~ (outnumbered).
  3667 | D:5      | 3667 ||| Stepping ~*~*~tactically~*~*~ (outnumbered).
  3677 | D:5      | Killed Eustachio
  3765 | D:5      | Found a basalt altar of Yredelemnul.
  3920 | D:5      | 3920 ||| UPGRADING to amulet of the acrobat.
  3961 | D:6      | 3961 ||| PLANNING OSSUARY
  3981 | D:6      | Noticed Edmund
  3994 | D:6      | Killed Edmund
  4024 | D:6      | 4024 ||| READING scroll of teleportation.
  4025 | D:6      | 4025 ||| FLEEEEING.
  4026 | D:6      | 4026 ||| FLEEEEING.
  4028 | D:6      | 4028 ||| FLEEEEING.
  4057 | D:6      | 4057 ||| Stepping ~*~*~tactically~*~*~ (stealth).
  4058 | D:6      | 4058 ||| Stepping ~*~*~tactically~*~*~ (stealth).
  4128 | D:6      | 4128 ||| Stepping ~*~*~tactically~*~*~ (stealth).
  4141 | D:6      | Reached XP level 9. HP: 84/85 MP: 9/9
  4261 | D:6      | Reached skill level 11 in Unarmed Combat
  4299 | D:6      | Noticed a gargoyle
  4306 | D:6      | Killed a gargoyle
  4332 | D:6      | 4332 ||| Stepping ~*~*~tactically~*~*~ (outnumbered).
  4356 | D:6      | Reached skill level 12 in Unarmed Combat
  4569 | D:6      | Found a sand-covered staircase.
  4572 | D:6      | 4572 ||| UPGRADING to +6 ring of dexterity.
  4573 | D:6      | 4573 ||| READING 4 scrolls of identify.
  4573 | D:6      | 4573 ||| IDENTIFYING pink potion
  4574 | D:6      | 4574 ||| READING 3 scrolls of identify.
  4574 | D:6      | 4574 ||| IDENTIFYING golden potion
  4575 | D:6      | 4575 ||| DROPPING potion of ambrosia.
  4579 | Ossuary  | Entered an ossuary
  4586 | Ossuary  | 4586 ||| Stepping ~*~*~tactically~*~*~ (stealth).
  4593 | Ossuary  | 4593 ||| Stepping ~*~*~tactically~*~*~ (stealth).
  4618 | Ossuary  | 4618 ||| Stepping ~*~*~tactically~*~*~ (stealth).
  4620 | Ossuary  | 4620 ||| Stepping ~*~*~tactically~*~*~ (stealth).
  4624 | Ossuary  | 4624 ||| Stepping ~*~*~tactically~*~*~ (outnumbered).
  4625 | Ossuary  | 4625 ||| Stepping ~*~*~tactically~*~*~ (outnumbered).
  4627 | Ossuary  | 4627 ||| Stepping ~*~*~tactically~*~*~ (outnumbered).
  4628 | Ossuary  | 4628 ||| Stepping ~*~*~tactically~*~*~ (outnumbered).
  4629 | Ossuary  | 4629 ||| Stepping ~*~*~tactically~*~*~ (outnumbered).
  4654 | Ossuary  | 4654 ||| Stepping ~*~*~tactically~*~*~ (outnumbered).
  4663 | Ossuary  | 4663 ||| Stepping ~*~*~tactically~*~*~ (stealth).
  4689 | Ossuary  | 4689 ||| Stepping ~*~*~tactically~*~*~ (stealth).
  4833 | Ossuary  | 4833 ||| Stepping ~*~*~tactically~*~*~ (stealth).
  4834 | Ossuary  | 4834 ||| Stepping ~*~*~tactically~*~*~ (stealth).
  4837 | Ossuary  | 4837 ||| Stepping ~*~*~tactically~*~*~ (stealth).
  4839 | Ossuary  | 4839 ||| Stepping ~*~*~tactically~*~*~ (stealth).
  4840 | Ossuary  | 4840 ||| Stepping ~*~*~tactically~*~*~ (stealth).
  4846 | Ossuary  | 4846 ||| Stepping ~*~*~tactically~*~*~ (stealth).
  4851 | Ossuary  | 4851 ||| Stepping ~*~*~tactically~*~*~ (stealth).
  4852 | Ossuary  | 4852 ||| Stepping ~*~*~tactically~*~*~ (stealth).
  4870 | Ossuary  | 4870 ||| Stepping ~*~*~tactically~*~*~ (stealth).
  4938 | Ossuary  | 4938 ||| Stepping ~*~*~tactically~*~*~ (stealth).
  4983 | Ossuary  | 4983 ||| Stepping ~*~*~tactically~*~*~ (stealth).
  4985 | Ossuary  | 4985 ||| Stepping ~*~*~tactically~*~*~ (stealth).
  4987 | Ossuary  | 4987 ||| Stepping ~*~*~tactically~*~*~ (stealth).
  5137 | Ossuary  | 5137 ||| Stepping ~*~*~tactically~*~*~ (stealth).
  5138 | Ossuary  | 5138 ||| Stepping ~*~*~tactically~*~*~ (stealth).
  5141 | Ossuary  | 5141 ||| READING scroll labelled XESUPHAQIL.
  5142 | Ossuary  | 5142 ||| READING 3 scrolls of teleportation.
  5285 | D:6      | 5285 ||| PLANNING D:1-11
  5368 | D:6      | Noticed Menkaure
  5372 | D:6      | Killed Menkaure
  5441 | D:6      | Noticed Duvessa
  5441 | D:6      | Noticed Dowan
  5442 | D:6      | 5442 ||| Stepping ~*~*~tactically~*~*~ (hiding).
  5447 | D:6      | 5447 ||| INVOKING Fiery Armour.
  5454 | D:6      | Killed Duvessa
  5466 | D:6      | Killed Dowan
  5664 | D:7      | 5664 ||| Stepping ~*~*~tactically~*~*~ (hiding).
  5846 | D:7      | 5846 ||| Stepping ~*~*~tactically~*~*~ (hiding).
  5889 | D:7      | Found a staircase to the Ecumenical Temple.
  5913 | D:7      | 5913 ||| Stepping ~*~*~tactically~*~*~ (stealth).
  5914 | D:7      | 5914 ||| Stepping ~*~*~tactically~*~*~ (stealth).
  5964 | D:7      | Noticed a seven-headed hydra
  5965 | D:7      | 5965 ||| INVOKING Fiery Armour.
  5970 | D:7      | Killed a nine-headed hydra
  5971 | D:7      | Reached skill level 13 in Unarmed Combat
  5971 | D:7      | Reached XP level 10. HP: 46/96 MP: 10/10
  6022 | D:7      | 6022 ||| Stepping ~*~*~tactically~*~*~ (hiding).
  6024 | D:7      | 6024 ||| Stepping ~*~*~tactically~*~*~ (hiding).
  6025 | D:7      | 6025 ||| Stepping ~*~*~tactically~*~*~ (hiding).
  6027 | D:7      | 6027 ||| Stepping ~*~*~tactically~*~*~ (hiding).
  6028 | D:7      | 6028 ||| Stepping ~*~*~tactically~*~*~ (hiding).
  6575 | D:7      | 6575 ||| Stepping ~*~*~tactically~*~*~ (hiding).
  6677 | D:7      | 6677 ||| Stepping ~*~*~tactically~*~*~ (hiding).
  6679 | D:7      | 6679 ||| Stepping ~*~*~tactically~*~*~ (hiding).
  6689 | D:7      | Reached skill level 3 in Dodging
  6689 | D:7      | 6689 ||| FLEEEEING.
  6690 | D:7      | 6690 ||| FLEEEEING.
  7072 | D:7      | 7072 ||| READING scroll labelled YJIDEE ATZU.
  7073 | D:7      | 7073 ||| READING scroll labelled DAOLLOEKKA.
  7196 | D:8      | Noticed Grum
  7197 | D:8      | 7197 ||| INVOKING Fiery Armour.
  7214 | D:8      | HP: 12/96 [something (15)]
  7215 | D:8      | HP: 3/96 [something (10)]
  7217 | D:8      | Mangled by Grum

Levels and vault maps discovered:
D:1:      sevenhm_arrival_forest_fort_large_4, layout_loops_ring,
          hellmonk_ecumenical_altar_blasted, serial_glass, glass_columns_a,
          glass_columns_a, glass_columns_b, glass_columns_b, glass_columns_c,
          glass_columns_a, glass_columns_b, glass_columns_b,
          minmay_strange_pillars, minmay_strange_pillars, item_on_display_a,
          minmay_strange_pillars, grunt_decor_cap, nrook_uturn, st_stairs_11
D:2:      layout_loops_cross, minmay_statues_item, uniq_sigmund
D:3:      layout_loops_ring, uniq_grinder
D:4:      layout_rooms
D:5:      layout_cave_pods, lemuel_coloured_pillars_altar, uniq_eustachio,
          uniq_blork_the_orc
D:6:      cheibrodos_barr_body, layout_loops_cross, nicolae_ossuary_entry_giza,
          chequers_mini_garden, minivault_25,
          nicolae_concentric_dashed_squares_wild, kennysheep_generic_room_12,
          uniq_menkaure, uniq_duvessa, uniq_edmund
D:7:      layout_layer_cave, temple_fountains
D:8:      layout_layer_cave, mainiacjoe_overflow_paths,
          ebering_ghost_rock_garden, uniq_grum

Skill      XL: |  1  2  3  4  5  6  7  8  9 10 |
---------------+-------------------------------+-----
Unarmed Combat | 4 5 6 8 9 10 13 | 13.2
Fighting       | 3 4 5 |  5.1
Dodging        | 1 2 3 |  3.2
Throwing       | 1 |  1.7
Spellcasting   | |  1.0
Fire Magic     | |  2.1

Action                   |  1- 3 |  4- 6 |  7- 9 | 10-12 || total
-------------------------+-------+-------+-------+-------++-------
Melee: Unarmed           |    77 |    66 |   309 |    26 ||   478
       Punch             |     1 |     2 |    16 |       ||    19
Throw: Boomerang         |    30 |    35 |    19 |       ||    84
Invok: Fiery Armour      |       |       |     2 |     1 ||     3
  Use: Scroll            |     2 |     5 |    10 |     2 ||    19
       Potion            |     1 |     1 |       |       ||     2
Armor: Robe              |    29 |    11 |    41 |     7 ||    88
Dodge: Dodged            |    38 |    18 |    75 |     8 ||   139

Table legend:
 A = Non-vault XP
 B = Vault XP
 C = Vault XP percentage of total XP
 D = Non-vault monster count
 E = Vault monster count
 F = Vault count percentage of total count
                 A         B        C        D         E       F
            +---------+---------+-------+---------+---------+-------
      Total |    3794 |    2569 |  40.4 |     134 |      80 |  37.4
            +---------+---------+-------+---------+---------+-------
        D:1 |      39 |       4 |   9.3 |      22 |       4 |  15.4
        D:2 |      92 |     239 |  72.2 |      18 |       1 |   5.3
        D:3 |      85 |     272 |  76.2 |      21 |       1 |   4.5
        D:4 |     558 |       0 |   0.0 |      31 |       0 |   0.0
        D:5 |     830 |     278 |  25.1 |      16 |       2 |  11.1
        D:6 |     713 |    1582 |  68.9 |      14 |      19 |  57.6
        D:7 |    1477 |       0 |   0.0 |      12 |       0 |   0.0
        D:8 |       0 |     115 | 100.0 |       0 |       1 | 100.0
    Ossuary |       0 |      79 | 100.0 |       0 |      52 | 100.0
            +---------+---------+-------+---------+---------+-------
